 Dungeon Crawl Stone Soup version 0.28.0-49-g6dfe1f597d (webtiles) character file.

Game seed: 17472191301758451021

69 Zeld the Skirmisher (level 4, 0/41 HPs)
             Began as a Hill Orc Delver on May 12, 2022.
             Slain by an orc wizard
             ... wielding a +0 dagger
              (2 damage)
             ... on level 5 of the Dungeon.
             The game lasted 00:01:34 (1891 turns).

Zeld the Skirmisher (Hill Orc Delver)               Turns: 1891, Time: 00:01:34

Health: 0/41       AC:  4    Str: 16    XL:     4   Next: 20%
Magic:  4/4        EV: 11    Int: 10    God:
Gold:   18         SH:  0    Dex: 12    Spells: 3/3 levels left

rFire   . . .      SeeInvis .   a - +0 hand axe
rCold   . . .      Faith    .   (no shield)
rNeg    . . .      Spirit   .   b - +0 leather armour
rPois   .          Reflect  .   (no helmet)
rElec   .          Harm     .   h - +0 cloak
rCorr   .          Rampage  .   (no gloves)
Will    .....                   (no boots)
Stlth   +.........              (no amulet)
HPRegen 0.13/turn               (no ring)
MPRegen 0.09/turn               (no ring)

@: confused
A: no striking features
a: no special abilities


You were on level 5 of the Dungeon.
You visited 2 branches of the dungeon, and saw 2 of its levels.

You collected 18 gold pieces.

Inventory:

Hand Weapons
 a - a +0 hand axe (weapon)
Armour
 b - a +0 leather armour (worn)
 h - a +0 cloak (worn)
Wands
 g - a wand of digging (3)
Scrolls
 c - a scroll of fog
 d - a scroll of magic mapping
 e - a scroll of fear
 i - a scroll of amnesia {unknown}
 j - a scroll of identify {unknown}
Potions
 f - a potion of haste


   Skills:
 * Level 4.3 Fighting
 * Level 3.7 Axes
 + Level 1.1 Armour
 + Level 1.9 Dodging
 - Level 4.1 Stealth
 * Level 1.5 Evocations


You had 3 spell levels left.
You didn't know any spells.
Your spell library was empty.

Dungeon Overview and Level Annotations

Branches:
Dungeon (5/15)             Temple (1/1) D:5

Altars:
Cheibriados
Fedhas
Nemelex Xobeh
Okawaru
Sif Muna
Uskayaw
Vehumet
Wu Jian
Zin
The Shining One

Annotations:
D:5 exclusion: scorpion


Message History

You hit the orc but do no damage. You closely miss something.
You feel sick. The orc hits you but does no damage.
The orc hits you with a +0 dagger.
* * * LOW HITPOINT WARNING * * *
Something hits you.
* * * LOW HITPOINT WARNING * * *
You hit the orc.
You kill the orc!
You barely miss the orc. You barely miss something.
You feel sick.
You are no longer poisoned.
You hear some strange, mumbled words.
You are confused.
The orc hits you but does no damage.
You bump into the rock wall.
The orc completely misses you.
You hear some strange, mumbled words.
Something tries to affect you, but you resist.
The orc hits you but does no damage. Something hits you.
* * * LOW HITPOINT WARNING * * *
You feel less confused.
You slash the orc!
You kill the orc!
You barely miss something.
You hear some strange, mumbled words.
You are confused.
You bump into the rock wall.
Something hits you but does no damage.
A magic dart appears from out of thin air!
The magic dart hits you!
* * * LOW HITPOINT WARNING * * *
You're too confused to move!
You miss something. Something hits you.
* * * LOW HITPOINT WARNING * * *
You miss something.
You hear some strange, mumbled words.
You are more confused.
You're too confused to move!
Something hits you but does no damage. Something hits you but does no damage.
You bump into the rock wall.
Something hits you but does no damage. Something hits you but does no damage.
You completely miss something.
Something hits you but does no damage. x2
You bump into the rock wall.
Something hits you.
You die...

#.###S.....#.# #.....#
######.o....##..#.###..#..#
.....########......##..#..#
.....'..........8..##..#..#
.....########..<>).....#..#
...............)8#.#.#.####
#####.........#.##.#.#.# #
#.........#..#.###.#
#.....>...#.@#.. ..# #
#.........#..### ### #
##.........#..# .
≈#..........##.##
##≈##.........##..# #≈
#.#######.###.## ≈ #.#
#.....># # #.# ########
#####.#


There were no monsters in sight!

Vanquished Creatures
  A centaur zombie (D:5)
  A howler monkey zombie (D:5)
  2 adders (D:5)
  4 orcs (D:5)
8 creatures vanquished.

Notes
Turn   | Place    | Note
-------+----------+-------------------------------------------
     0 | D:5      | Zeld the Hill Orc Delver began the quest for the Orb.
     0 | D:5      | Reached XP level 1. HP: 19/19 MP: 1/1
     5 | D:5      | Found a staircase to the Ecumenical Temple.
    14 | Temple   | Entered the Ecumenical Temple
   871 | D:5      | Reached skill level 1 in Evocations
   871 | D:5      | Reached XP level 2. HP: 24/27 MP: 2/2
   871 | D:5      | Reached XP level 3. HP: 29/33 MP: 3/3
   961 | D:5      | Found a snail-covered altar of Cheibriados.
  1028 | D:5      | Noticed a scorpion
  1030 | D:5      | Noticed a sky beast
  1044 | D:5      | Reached skill level 1 in Armour
  1870 | D:5      | Reached XP level 4. HP: 24/41 MP: 4/4
  1881 | D:5      | HP: 1/41 [something/magic dart (7)]
  1891 | D:5      | Slain by an orc wizard

Illustrated notes

Levels and vault maps discovered:
D:5:      gammafunk_cloud_chamber, layout_basic,
          grunt_temple_overflow_champion_of_chaos, cheibrodos_worm_habitat,
          temple_statues
Temple:   jpeg_temple_island

Skill      XL: |  1  2  3 |
---------------+----------+-----
Fighting       | 4 |  4.3
Axes           | 3 |  3.7
Evocations     | 1 |  1.5
Armour         | 1 |  1.1
Dodging        | |  1.9
Stealth        | |  4.1

Action                   |  1- 3 |  4- 6 || total
-------------------------+-------+-------++-------
Melee: Hand axe          |    46 |     8 ||    54
 Stab: Sleeping          |     1 |       ||     1
Armor: Leather armour    |    32 |    11 ||    43
Dodge: Dodged            |    51 |     3 ||    54
